Unix NetHack Version 3.7.0-97 Work-in-progress - last build Feb 8 2024 15:05:57 (6d6cdf8371b60126770a3d7b88910941cb14a054,branch:master). Game began 2024-02-16 08:16:59, ended 2024-02-17 19:23:45. MalkMcJorma, neutral male human Barbarian ---------- -------- ----- ../)......| |................| )...---.%..-----(-----......%.%%--------. ...-| ----...[...| |...^.....)0(...( .( ....---..--------| ----- .......-----. ................-----...| .. |.. ---------......%...[...| .......---....| --- ------ ....---- ....... ..%..(| ........ .%%..|| -......... %|.%..| -...-- --- ..%...[---- ---....| --- -().|.....| --.....-- --.--------.| |.|(.|....----- .%...=..---...........------- -(...----...?.| --......../..--------..%....H@&.*.- |.....| -..<[..... ----------q....-----....| |.......%|. |.|..........|.| ---------- ---------------- MalkMcJorma the Reaver St:25 Dx:18 Co:18 In:10 Wi:16 Ch:8 Neutral Dlvl:30 $:0 HP:0(179) Pw:54(54) AC:-24 Xp:19/2576896 T:52139 Burdened Latest messages: The leocrotta misses! The leocrotta misses! The leocrotta misses! The leocrotta misses! You smite the master mind flayer! The master mind flayer hits! The master mind flayer's tentacles suck your brain! Your hat blocks the attack to your head. The master mind flayer's tentacles suck your brain again! Your hat blocks the attack to your head. The master mind flayer's tentacles suck your brain again! Your hat blocks the attack to your head. The master mind flayer's tentacles suck your brain again! Your hat blocks the attack to your head. The master mind flayer misses! The leocrotta misses! The leocrotta misses! The leocrotta hits! The leocrotta misses! The leocrotta misses! The leocrotta misses! You smite the master mind flayer! The master mind flayer turns to flee. It hits the master mind flayer. The master mind flayer hits it. The master mind flayer's tentacles suck it. The master mind flayer's tentacles suck it. The master mind flayer's tentacles suck it. The master mind flayer misses it. The master mind flayer's tentacles suck it. The horned devil thrusts its trident. The horned devil misses! The horned devil misses! The horned devil bites! The horned devil misses! The leocrotta hits! The leocrotta misses! The leocrotta misses! You kill the master mind flayer! The horned devil thrusts its trident. The horned devil misses! The horned devil misses! The horned devil just misses! The horned devil stings! The leocrotta misses! The leocrotta misses! The leocrotta misses! You smite the fire giant! The fire giant hits! You die... Inventory: Amulets ('"') Q - an uncursed amulet of unchanging (being worn) Weapons (')') F - 12 blessed +0 daggers (at the ready) a - the blessed rustproof +4 Vorpal Blade (weapon in right hand) J - an uncursed +0 glaive Armor ('[') K - a blessed fireproof +3 elven leather helm (being worn) D - a blessed rustproof +1 pair of gauntlets of power (being worn) V - a blessed +2 pair of iron shoes (being worn) N - a blessed +1 shield of reflection (being worn) L - a blessed greased +0 cloak of displacement (being worn) b - a blessed +0 gray dragon scale mail (being worn) Comestibles ('%') Z - an uncursed cockatrice corpse l - an uncursed lizard corpse Rings ('=') t - an uncursed +2 ring of protection (on left hand) y - an uncursed ring of searching (on right hand) Y - an uncursed ring of shock resistance Wands ('/') h - an uncursed wand of cancellation (0:4) Tools ('(') r - a blessed bag of holding named holding containing 28 items s - an uncursed sack containing 21 items M - the uncursed Bell of Opening (0:3) o - an uncursed pair of lenses x - an uncursed +0 pick-axe u - an uncursed skeleton key P - an uncursed towel C - a blessed +0 unicorn horn Gems/Stones ('*') O - the blessed Heart of Ahriman Contents of the bag of holding named holding: 77 gold pieces a blessed +0 silver saber an uncursed +1 pair of jumping boots named Jumping an uncursed -1 pair of levitation boots 2 uncursed cram rations 11 uncursed food rations 14 uncursed K-rations an uncursed lembas wafer 4 uncursed lumps of royal jelly an uncursed sprig of wolfsbane an uncursed lizard corpse 9 uncursed scrolls of blank paper 2 blessed scrolls of remove curse 3 uncursed scrolls of remove curse a blessed scroll of teleportation 5 uncursed scrolls of teleportation an uncursed potion of paralysis 6 potions of holy water an uncursed ring of conflict named Conflict an uncursed ring of free action an uncursed ring of invisibility a cursed ring of invisibility named Nazgul2 a cursed ring of invisibility named Nazgul1 an uncursed ring of searching an uncursed ring of searching an uncursed ring of sustain ability an uncursed blindfold a blessed luckstone named luckstone Contents of the sack: an uncursed wand of cold (0:4) an uncursed wand of cold (0:2) an uncursed wand of digging (0:7) an uncursed wand of digging (0:0) an uncursed wand of fire (0:1) an uncursed wand of lightning (0:5) an uncursed wand of magic missile (0:0) an uncursed wand of make invisible named (no msg) (0:3) an uncursed wand of nothing named (no msg) (0:4) an uncursed wand of opening named (no msg) (0:3) an uncursed wand of probing named (no msg) (0:5) an uncursed wand of secret door detection named (no msg) (0:11) an uncursed wand of sleep (0:1) a cursed wand of sleep named Sleep (0:3) an uncursed wand of striking (0:6) an uncursed wand of striking (0:5) an uncursed wand of striking (0:3) an uncursed wand of teleportation (0:7) an uncursed wand of teleportation (0:4) an uncursed wand of teleportation (0:2) an uncursed wand of wishing named wishing (1:2) MalkMcJorma the Barbarian's attributes: Background: You were a Reaver, a level 19 male human Barbarian. You were neutral, on a mission for Crom who was opposed by Mitra (lawful) and Set (chaotic). You were right-handed. You were in Gehennom, on level 30. You entered the dungeon 52139 turns ago. You had 2576896 experience points, 2543104 more were needed for level 20. Basics: You had 0 out of 179 hit points. You had all 54 energy points (spell power). Your armor class was -24. Your wallet was empty, but you had 77 zorkmids stashed away in your pack. Autopickup was off. Final Characteristics: Your strength was 25 (base:18/27, innate limit:18/100). Your dexterity was 18 (limit:18). Your constitution was 18 (limit:18). Your intelligence was 10 (limit:18). Your wisdom was 16 (limit:18). Your charisma was 8 (limit:18). Final Status: You weren't hungry. You were burdened; movement was slightly slowed. You were wielding a long sword. You were skilled in long sword. Final Attributes: You were the Envoy of Balance. You were piously aligned. You were magic-protected. You were fire resistant. You were cold resistant. You were sleep resistant. You were shock resistant. You were poison resistant. You saw invisible. You were telepathic. You had automatic searching. You were displaced. You were stealthy. You aggravated monsters. You had a large defense bonus (+11). You were guarded. You couldn't change from your current form. You were fast. You had reflection. You were extremely lucky. You had extra luck. Good luck did not time out for you. You are dead (3rd time!). Miscellaneous: You disabled loading of bones levels. Total elapsed playing time was 16 hours, 1 minute and 12 seconds. Major events: Turn 1: MalkMcJorma the neutral male human Barbarian entered the dungeon 802: attained the rank of Pillager (level 3) 1544: entered the Gnomish Mines 1806: attained the rank of Bandit (level 6) 1978: reached Mine Town 7113: entered Sokoban 8869: completed 1st Sokoban level 9770: completed 2nd Sokoban level 9906: attained the rank of Brigand (level 10) 10114: was bestowed with Cleaver by Crom 10617: completed 3rd Sokoban level 10796: chose an elven broadsword to be named "Orcrist" 11732: completed 4th Sokoban level 12064: chose an elven dagger to be named "Sting" 15220: acquired the Sokoban bag of holding 15881: entered the Bigroom 16236: became Crom's Envoy of Balance 16236: was bestowed with Vorpal Blade 21935: attained the rank of Raider (level 14) 23622: found Sunsword carried by a monster 32841: killed Medusa 38830: killed Thoth Amon 38830: found the Heart of Ahriman carried by a monster 38831: acquired the Bell of Opening 39976: performed his first genocide (class L) 43708: made his first wish - "blessed fixed +2 gauntlets of power", got "a pair of old gloves" 49022: attained the rank of Reaver (level 18) 49178: entered Gehennom 49567: averted death (killed by a winged gargoyle) 49670: averted death (killed by Yeenoghu) 49697: wished for "blessed +2 gray dragon scale mail", got "a gray dragon scale mail" 49780: killed Yeenoghu 52139: killed by a fire giant Vanquished creatures: Yeenoghu Medusa a ki-rin a storm giant a titan Thoth Amon 2 purple worms 2 gold dragons 2 silver dragons 3 red dragons an orange dragon 2 green dragons 3 yellow dragons 3 minotaurs a jabberwock 3 baluchitheria 2 demiliches 5 stone golems 3 master mind flayers 9 Olog-hai 2 Nazgul a pit fiend a sandestin 4 displacer beasts 4 titanotheres 2 trappers a baby gold dragon a baby white dragon a baby black dragon a baby yellow dragon a guardian naga 2 genetic engineers 2 disenchanters 8 vampire leaders 4 skeletons 2 captains 2 nurses an ice devil a lurker above 3 Aleaxes a frost giant 3 ettins 3 golden nagas 7 black puddings 8 vampires 5 lieutenants 18 ghosts a queen bee 3 winged gargoyles 3 mind flayers 9 giant mimics 8 long worms 4 zruties 3 fire giants 7 ogre tyrants 6 ice trolls 36 rock trolls 5 flesh golems 2 elven monarchs a doppelganger a hezrou 2 bone devils 9 large mimics 2 wumpuses a baby purple worm 5 couatls 12 stalkers 2 fire elementals 4 earth elementals a water elemental 2 hill giants 2 giant mummies 2 black nagas 5 xorns 7 giant zombies 3 elf-nobles 9 sergeants 2 water demons 2 barbed devils 13 wargs 2 winter wolves 15 small mimics a glass piercer 4 warhorses 3 xans 5 ettin mummies 11 ogre leaders 9 quantum mechanics 18 trolls 5 sasquatches 2 wood golems 4 sharks 6 electric eels 6 gelatinous cubes 4 pyrolisks 2 large dogs 4 freezing spheres 5 flaming spheres 3 shocking spheres a large cat 6 tigers 4 gargoyles 3 dwarf rulers 12 tengu 4 ochre jellies 6 leocrottas an energy vortex 3 mountain centaurs 10 stone giants 5 elf mummies 5 human mummies 3 red nagas 5 pythons 5 pit vipers 3 cobras 20 wraiths 4 carnivorous apes 14 ettin zombies 3 leather golems 12 Grey-elves 48 soldiers 6 amorous demons 5 chameleons a crocodile 7 giant beetles 7 quivering blobs 17 cockatrices 11 wolves 5 winter wolf cubs 3 lynxes a panther 7 gremlins 45 leprechauns 5 iron piercers a mumak 8 giant spiders 9 scorpions 3 horses 4 ice vortices 2 black lights 7 vampire bats a forest centaur 8 gnome rulers 5 orc mummies 7 dwarf mummies 80 ogres 4 brown puddings 6 rust monsters 9 owlbears 11 yetis 2 gold golems 6 werewolves 8 Green-elves 5 giant eels 15 lizards 7 chickatrices 5 dingoes a dog 2 housecats 5 jaguars 8 dwarf leaders 2 blue jellies 4 white unicorns 7 black unicorns 3 dust vortices 3 ravens 3 plains centaurs a gnome mummy 5 snakes 9 water moccasins 14 apes 12 human zombies a rope golem 8 Woodland-elves 10 soldier ants 9 fire ants a bugbear 3 imps 8 quasits 7 wood nymphs 3 water nymphs 4 mountain nymphs 35 Mordor orcs 9 Uruk-hai an orc shaman 7 rock piercers 13 rock moles 3 ponies 4 fog clouds 12 yellow lights 4 shriekers 7 violet fungi 22 gnome leaders 10 gnomish wizards 2 kobold mummies a gray ooze 11 elf zombies 7 ghouls 3 straw golems 3 paper golems 3 jellyfish a baby crocodile 12 giant ants 18 floating eyes 3 kittens 26 dwarves 5 homunculi 2 kobold leaders 5 kobold shamans 18 hill orcs 19 rothes 4 rabid rats 2 centipedes 6 giant bats a monkey 13 orc zombies 15 dwarf zombies 2 wererats 5 werejackals 12 iguanas 61 killer bees 2 acid blobs 10 hobbits 27 manes 2 large kobolds 10 hobgoblins 4 giant rats 20 cave spiders 3 brown molds 6 yellow molds a green mold 3 red molds 64 gnomes 5 garter snakes 15 gnome zombies 8 geckos 14 jackals a fox 5 kobolds 3 goblins 8 grid bugs 5 bats 6 lichens 16 kobold zombies 13 newts 1700 creatures vanquished. Genocided or extinct species: arch-liches master liches demiliches liches ogres (extinct) 4 species genocided. 1 species extinct. Voluntary challenges: You read items or engraved 69 times. You engraved Elbereth 13 times. You genocided 4 types of monsters. You never polymorphed an object. You used 2 wishes. You did not wish for any artifacts. You did not violate any of the special Sokoban rules. Achievements: You entered a shop. You attained the rank of Pillager. You entered the Gnomish Mines. You attained the rank of Bandit. You entered Minetown. You entered a temple. You entered Sokoban. You attained the rank of Brigand. You completed Sokoban. You entered the Big Room. You attained the rank of Raider. You defeated Medusa. You had the Bell of Opening. You learned the tune to open and close the Castle's drawbridge. You attained the rank of Reaver. You entered Gehennom. The Dungeons of Doom: levels 1 to 29 Level 1: A fountain. Level 2: An armor shop, a grave. Level 3: A fountain. Level 4: An altar to Crom, a fountain. Stairs down to The Gnomish Mines. Level 5: A fountain. Level 6: A fountain. Level 7: A fountain. Oracle of Delphi. Level 8: Many altars. Stairs up to Sokoban, level 7. Level 9: Level 10: A fountain. Level 11: Level 12: A very big room. Level 13: A sink. Level 14: Portal to The Quest. Level 15: An altar to Crom. Level 16: Level 17: A primitive area. Level 18: Level 19: Level 20: Level 21: A grave. Level 22: A fountain. Level 23: Level 24: A temple and an altar. Level 25: Level 26: Level 27: Level 28: Level 29: A fountain. The castle (play notes "GAAED" to open or close drawbridge). Connection to Gehennom. Gehennom: Level 30: <- You were here. Many graves. Final resting place for you, killed by a fire giant. The Gnomish Mines: levels 5 to 13 Level 5: Level 6: Level 7: Level 8: A temple and an altar, some fountains. Level 9: Level 10: Level 11: Level 12: Level 13: The Quest: levels 1 to 5 Level 1: A throne, many trees. Completed quest for Pelias. Level 2: Level 3: Level 4: Level 5: An altar. Sokoban: levels 7 up to 4 Level 4: Solved. Level 5: Solved. Level 6: Solved. Level 7: Solved. Game over: ---------- / \ / REST \ / IN \ / PEACE \ / \ | MalkMcJorma | | 77 Au | | killed by a fire | | giant | | | | | | 2024 | *| * * * | * _________)/\\_//(\/(/\)/\//\/|_)_______ Goodbye MalkMcJorma the Barbarian... You died in Gehennom on dungeon level 30 with 656054 points, and 77 pieces of gold, after 52139 moves. You were level 19 with a maximum of 179 hit points when you died.